 Dungeon Crawl Stone Soup version 0.21.1-1-g345015f (webtiles) character file.

150 theblackcape the Charmwright (level 5, -6/43 HPs)
             Began as a Gnoll Skald on July 16, 2018.
             Mangled by a gnoll shaman
             ... wielding a +0 whip
              (8 damage)
             ... on level 4 of the Dungeon.
             The game lasted 00:05:57 (2512 turns).

theblackcape the Charmwright (Gnoll Skald)          Turns: 2512, Time: 00:05:58

Health: -6/43      AC:  3    Str: 14    XL:     5   Next: 32%
Magic:  4/12       EV: 14    Int: 16    God:
Gold:   159        SH:  0    Dex: 14    Spells: 3/14 levels left

rFire    . . .     SeeInvis .   a - +0 falchion
rCold    + . .     Gourm    .   (no shield)
rNeg     . . .     Faith    .   m - +0 leather armour {MR+}
rPois    .         Spirit   .   (no helmet)
rElec    .         Reflect  .   (no cloak)
rCorr    .         Harm     .   (no gloves)
MR       +....                  (no boots)
Stlth    ++........             (no amulet)
HPRegen  0.14/turn              p - ring of protection from cold
MPRegen  0.13/turn              (no ring)

@: infused, singing
A: distributed training, fangs 1, strong nose
a: no special abilities


You were on level 4 of the Dungeon.
You were not hungry.

You visited 1 branch of the dungeon, and saw 4 of its levels.

You collected 159 gold pieces.

Inventory:

Hand Weapons
 a - a +0 falchion (weapon)
Missiles
 k - 3 javelins (quivered)
Armour
 m - a +0 leather armour of magic resistance (worn)
Jewellery
 l - a cursed ring of teleportation {unknown}
 p - a ring of protection from cold (left hand)
Wands
 r - a wand of acid (9)
Scrolls
 b - 5 scrolls of identify
 e - a scroll of fog {unknown}
 j - 2 scrolls of amnesia {unknown}
 n - a scroll of enchant weapon {unknown}
 o - a scroll of fear {unknown}
Potions
 f - a potion of flight
 h - a potion of heal wounds
 i - 5 potions of curing
 q - a potion of berserk rage {unknown}
Books
 c - a book of Battle

   Spells                             Type                      Level
   a - Infusion                       Charms                       1
   b - Shroud of Golubria             Charms/Translocation         2
   c - Song of Slaying                Charms                       2
   d - Spectral Weapon                Hexes/Charms                 3
   e - Regeneration                   Charms/Necromancy            3
Comestibles
 d - 6 rations


   Skills:
 + Level 4.7 Fighting
 + Level 1.4 Short Blades
 + Level 4.7 Long Blades
 + Level 1.4 Axes
 + Level 1.4 Maces & Flails
 + Level 1.4 Polearms
 + Level 1.4 Staves
 + Level 1.4 Slings
 + Level 1.4 Bows
 + Level 1.4 Crossbows
 + Level 1.4 Throwing
 + Level 2.9 Armour
 + Level 4.7 Dodging
 + Level 1.4 Stealth
 + Level 1.4 Shields
 + Level 1.4 Unarmed Combat
 + Level 5.2 Spellcasting
 + Level 1.1 Conjurations
 + Level 1.1 Hexes
 + Level 5.5 Charms
 + Level 1.1 Summonings
 + Level 1.1 Necromancy
 + Level 1.1 Translocations
 + Level 1.1 Transmutations
 + Level 1.1 Fire Magic
 + Level 1.1 Ice Magic
 + Level 1.1 Air Magic
 + Level 1.1 Earth Magic
 + Level 1.1 Poison Magic
 + Level 1.6 Invocations
 + Level 1.4 Evocations


You had 3 spell levels left.
You knew the following spells:

 Your Spells              Type           Power        Failure   Level  Hunger
a - Infusion              Chrm           ###.         1%          1    None
b - Shroud of Golubria    Chrm/Tloc      ##........   7%          2    #......
c - Song of Slaying       Chrm           ###.....     2%          2    #......
d - Regeneration          Chrm/Necr      ##........   14%         3    ###....
e - Spectral Weapon       Hex/Chrm       ##......     14%         3    ###....


Dungeon Overview and Level Annotations

Branches:
Dungeon (4/15)
 Temple: D:4-7

Altars:


Innate Abilities, Weirdness & Mutations

Your experience applies equally to all skills.
You have very sharp teeth.
Your uncanny sense of smell can sniff out nearby items.


Message History

You hit the gnoll shaman but do no damage.
The gnoll hits you but does no damage. The gnoll shaman hits you with a whip!
The gnoll closely misses you.
You closely miss the gnoll shaman. You bite the gnoll shaman.
The gnoll shaman is lightly wounded.
The gnoll hits you from afar with a halberd!
* * * LOW HITPOINT WARNING * * *
The gnoll shaman misses you. The gnoll closely misses you.
You hit the gnoll shaman!
You bite the gnoll shaman, but do no damage.
The gnoll shaman is heavily wounded.
The gnoll shaman closely misses you.
You riposte.
You barely miss the gnoll shaman.
The gnoll shaman is heavily wounded.
The gnoll hits you from afar with a halberd!
* * * LOW HITPOINT WARNING * * *
You hit the gnoll shaman.
The gnoll shaman is heavily wounded.
The gnoll misses you. The gnoll shaman hits you with a whip!
You die...

#.# #.# # .. #.# .# ...
..# .# # #.# #.####.### .#
#.# #.##...).# ##.# ##.##
#.##g....###
.(...####...###.@ggh......
.# #............##gh..#...
.# #.####...######........
.###.# ##.## ###......
.....# #.# ##.... ##.#.#
#.# .... ##.#.#####.# #.#
##.........#### .#
####.##...(....#


You could see a gnoll shaman, 3 gnolls and 2 jackals.

Vanquished Creatures
  Terence (D:3)
  A gnoll (D:4)
  4 adders
  An ooze (D:1)
  A worm (D:3)
  3 dart slugs
  2 leopard geckos
  6 bats
  3 giant cockroaches
  11 goblins
  10 hobgoblins
  4 jackals
  A quokka (D:2)
  A ball python (D:1)
  2 frilled lizards
  3 kobolds (D:1)
  A leopard gecko skeleton (D:3)
  7 rats
62 creatures vanquished.

Notes
Turn   | Place    | Note
-------+----------+-------------------------------------------
     0 | D:1      | theblackcape the Gnoll Skald began the quest for the Orb.
     0 | D:1      | Reached XP level 1. HP: 20/20 MP: 6/6
    34 | D:1      | Reached XP level 2. HP: 7/26 MP: 3/7
   846 | D:1      | Reached XP level 3. HP: 24/31 MP: 9/9
   874 | D:1      | Learned a level 2 spell: Shroud of Golubria
   883 | D:1      | Learned a level 2 spell: Song of Slaying
   887 | D:1      | Learned a level 3 spell: Regeneration
   891 | D:1      | Learned a level 3 spell: Spectral Weapon
   941 | D:1      | Reached skill level 5 in Spellcasting
  1176 | D:2      | Reached skill level 1 in Invocations
  1371 | D:2      | Reached skill level 1 in Short Blades
  1371 | D:2      | Reached skill level 1 in Axes
  1371 | D:2      | Reached skill level 1 in Maces & Flails
  1371 | D:2      | Reached skill level 1 in Polearms
  1371 | D:2      | Reached skill level 1 in Staves
  1371 | D:2      | Reached skill level 1 in Slings
  1371 | D:2      | Reached skill level 1 in Bows
  1371 | D:2      | Reached skill level 1 in Crossbows
  1371 | D:2      | Reached skill level 1 in Throwing
  1371 | D:2      | Reached skill level 1 in Stealth
  1371 | D:2      | Reached skill level 1 in Shields
  1371 | D:2      | Reached skill level 1 in Unarmed Combat
  1371 | D:2      | Reached skill level 1 in Evocations
  1462 | D:2      | Reached XP level 4. HP: 20/38 MP: 11/11
  1966 | D:3      | Reached skill level 1 in Conjurations
  1966 | D:3      | Reached skill level 1 in Hexes
  1966 | D:3      | Reached skill level 1 in Summonings
  1966 | D:3      | Reached skill level 1 in Necromancy
  1966 | D:3      | Reached skill level 1 in Translocations
  1966 | D:3      | Reached skill level 1 in Transmutations
  1966 | D:3      | Reached skill level 1 in Fire Magic
  1966 | D:3      | Reached skill level 1 in Ice Magic
  1966 | D:3      | Reached skill level 1 in Air Magic
  1966 | D:3      | Reached skill level 1 in Earth Magic
  1966 | D:3      | Reached skill level 1 in Poison Magic
  2124 | D:3      | Noticed Terence
  2143 | D:3      | Killed Terence
  2143 | D:3      | Reached XP level 5. HP: 27/43 MP: 5/12
  2511 | D:4      | HP: 1/43 [gnoll/halberd (8)]
  2512 | D:4      | Mangled by a gnoll shaman

Skill      XL: |  1  2  3  4 |
---------------+-------------+-----
Spellcasting   | 5 |  5.2
Invocations    | 1 |  1.6
Short Blades   | 1 |  1.4
Axes           | 1 |  1.4
Maces & Flails | 1 |  1.4
Polearms       | 1 |  1.4
Staves         | 1 |  1.4
Slings         | 1 |  1.4
Bows           | 1 |  1.4
Crossbows      | 1 |  1.4
Throwing       | 1 |  1.4
Stealth        | 1 |  1.4
Shields        | 1 |  1.4
Unarmed Combat | 1 |  1.4
Evocations     | 1 |  1.4
Conjurations   | 1 |  1.1
Hexes          | 1 |  1.1
Summonings     | 1 |  1.1
Necromancy     | 1 |  1.1
Translocations | 1 |  1.1
Transmutations | 1 |  1.1
Fire Magic     | 1 |  1.1
Ice Magic      | 1 |  1.1
Air Magic      | 1 |  1.1
Earth Magic    | 1 |  1.1
Poison Magic   | 1 |  1.1
Fighting       | |  4.7
Long Blades    | |  4.7
Armour         | |  2.9
Dodging        | |  4.7
Charms         | |  5.5

Action                   |  1- 3 |  4- 6 || total
-------------------------+-------+-------++-------
Melee: Falchion          |    94 |    80 ||   174
       Bite              |    15 |    16 ||    31
       Punch             |     1 |       ||     1
 Cast: Infusion          |     8 |     4 ||    12
       Shroud of Golubri |     2 |     4 ||     6
       Song of Slaying   |     1 |     3 ||     4
  Use: Scroll            |     3 |     1 ||     4
       Potion            |     2 |       ||     2
 Stab: Sleeping          |     3 |       ||     3
  Eat: Chunk             |     2 |     3 ||     5
Armor: Leather armour    |    19 |     9 ||    28
Dodge: Dodged            |    78 |    62 ||   140
       Rpst.: Falchion   |    26 |    25 ||    51
